 Dungeon Crawl Stone Soup version 0.28-a0-1234-g826d19b2e0 (webtiles) character file.

Game seed: 8115066242314186878

14 bearlyready the Stinger (level 2, -2/19 HPs)
             Began as a Demonspawn Venom Mage on Dec 23, 2021.
             Succumbed to a kobold's poison
             ... on level 1 of the Dungeon.
             The game lasted 00:01:05 (1189 turns).

bearlyready the Stinger (Demonspawn Venom Mage)     Turns: 1189, Time: 00:01:05

Health: -2/19      AC:  6    Str:  8    XL:     2   Next: 31%
Magic:  3/5        EV: 11    Int: 16    God:
Gold:   37         SH:  4    Dex: 13    Spells: 4/5 levels left

rFire   . . .      SeeInvis .   b - +0 short sword
rCold   . . .      Faith    .   (no shield)
rNeg    . . .      Spirit   .   f - +0 leather armour
rPois   .          Reflect  .   (no helmet)
rElec   .          Harm     .   c - +0 cloak
rCorr   .          Rampage  .   l - +0 pair of gloves
Will    +....                   k - +0 pair of boots
Stlth   ++........              (no amulet)
HPRegen 0.06/turn               (no ring)
MPRegen 0.09/turn               (no ring)

@: lethally poisoned (-2 -> -18), attractive, very slightly contaminated
A: condensation shield, strong-willed 1, mutation resistance 1
a: no special abilities


You were on level 1 of the Dungeon.
You visited 1 branch of the dungeon, and saw 1 of its levels.

You collected 37 gold pieces.

Inventory:

Hand Weapons
 b - a +0 short sword (weapon)
Missiles
 j - 36 stones
Armour
 a - a +0 robe
 c - a +0 cloak (worn)
 f - a +0 leather armour (worn)
 k - a +0 pair of boots (worn)
 l - a +0 pair of gloves (worn)
Scrolls
 d - a scroll of blinking {unknown}
 h - a scroll of enchant weapon {unknown}
Potions
 e - 2 potions of mutation
 g - a potion of curing {unknown}
 i - a potion of attraction


   Skills:
 - Level 1.7 Dodging
 - Level 1.7 Stealth
 - Level 2.0 Spellcasting
 - Level 0.8 Transmutations
 + Level 3.8 Poison Magic


You had 4 spell levels left.
You knew the following spells:

 Your Spells              Type           Power      Damage    Failure   Level
a - Sting                 Tmut/Pois      36%        1d4       12%         1

Your spell library contained the following spells:

 Spells                   Type           Power      Damage    Failure   Level
 Poisonous Vapours        Pois/Air       14%        N/A       22%         2
 Mephitic Cloud           Conj/Pois/Air  5%         N/A       47%         3
 Olgreb's Toxic Radiance  Pois           13%        N/A       54%         4


Dungeon Overview and Level Annotations

Branches:
Dungeon (1/15)

Altars:


Innate Abilities, Weirdness & Mutations

A meltable shield of frost defends you. (SH +4)
You are strong-willed. (Will+)
You are somewhat resistant to further mutation.


Message History

The kobold hits you but does no damage.
You are lethally poisoned!
You are too injured to fight recklessly!
You are too injured to fight recklessly!
You are too injured to fight recklessly!
You are too injured to fight recklessly!
You are too injured to fight recklessly!
You are too injured to fight recklessly!
You are too injured to fight recklessly!
You are too injured to fight recklessly!
You are too injured to fight recklessly!
You are too injured to fight recklessly!
You are too injured to fight recklessly!
You are too injured to fight recklessly!
You are too injured to fight recklessly!
You are too injured to fight recklessly!
There is a lethal amount of poison in your body!
It was a potion of mutation.
You feel extremely strange.
You feel strong-willed.
You feel genetically stable.
You feel sick. The kobold hits you but does no damage.
You are more poisoned.
Aiming: Sting (safe; 12% risk of failure)
Press: ? - help, Q - select action, (/) - cycle Shift-Dir - straight line, f - kobold
Aim: a kobold, wielding a +0 short sword of venom and quivering stones (heavily wounded, 60% to hit)
You miscast Sting.
You are very lightly contaminated with residual magic.
Nothing appears to happen.
You feel very sick.
The kobold hits you with a +0 short sword of venom.
You are more poisoned.
Aiming: Sting (safe; 12% risk of failure)
Press: ? - help, Q - select action, (/) - cycle Shift-Dir - straight line, f/p - kobold
Aim: a kobold, wielding a +0 short sword of venom and quivering stones (heavily wounded, 60% to hit)
The sting misses the kobold.
* * * LOW HITPOINT WARNING * * *
You feel very sick. The kobold barely misses you.
It was a potion of attraction.
You feel attractive to monsters.
You die...

############
#..K@......#
#.########.######
#.#....# #.#.##.#
#.#.##.#
#######.#.##.#####
..................
..................
#######.#.##.#####


You could see a kobold.

Vanquished Creatures
  2 ball pythons (D:1)
  A bat (D:1)
  A giant cockroach (D:1)
  A goblin (D:1)
  A hobgoblin (D:1)
  2 frilled lizards (D:1)
  4 kobolds (D:1)
  3 rats (D:1)
15 creatures vanquished.

Notes
Turn   | Place    | Note
-------+----------+-------------------------------------------
     0 | D:1      | bearlyready the Demonspawn Venom Mage began the quest for
                  | the Orb.
     0 | D:1      | Reached XP level 1. HP: 13/13 MP: 3/3
   583 | D:1      | Gained mutation: A meltable shield of frost defends you.
                  | (SH +4) [demonic ancestry]
   583 | D:1      | Reached XP level 2. HP: 18/19 MP: 3/5
  1186 | D:1      | Gained mutation: You are strong-willed. (Will+) [potion of
                  | mutation]
  1186 | D:1      | Gained mutation: You are somewhat resistant to further
                  | mutation. [potion of mutation]
  1189 | D:1      | Succumbed to a kobold's poison

Illustrated notes

Levels and vault maps discovered:
D:1:      dpeg_arrival_solitude, layout_basic

Action                   || total
-------------------------++-------
Melee: Short sword       ||    15
 Cast: Sting             ||    19
  Use: Potion            ||     2
Armor: Leather armour    ||     8
Dodge: Dodged            ||     6
Block: Other             ||     2

Table legend: (Time is in decaauts)
 A = Elapsed time spent in this place.
 B = Non-inter-level travel time spent in this place.
 C = Inter-level travel time spent in this place.
 D = Time resting spent in this place.
 E = Time spent auto-exploring this place.
 F = Levels seen in this place.
 G = Mean time per level.
                   A        B        C        D        E       F      G
               +--------+--------+--------+--------+--------+-----+--------+
         Total |   1190 |   1190 |      0 |      0 |   1008 |   1 | 1190.0 |
       Dungeon |   1190 |   1190 |      0 |      0 |   1008 |   1 | 1190.0 |
               +--------+--------+--------+--------+--------+-----+--------+

Top non-repeatable levels by time:
     D:1: 1190 daAuts
